 Dungeon Crawl Stone Soup version 0.31-a0-675-g238779eb0a (webtiles) character file.

Game seed: 9110750248960674388

9 Essalna the Conjurer (level 2, -1/19 HPs)
             Began as a Demonspawn Conjurer on Sept 5, 2023.
             Slain by an adder (2 damage)
             ... on level 2 of the Dungeon.
             The game lasted 00:00:35 (270 turns).

Essalna the Conjurer (Demonspawn Conjurer)           Turns: 270, Time: 00:00:36

Health: -1/19      AC:  2    Str:  7    XL:     2   Next: 3%
Magic:  1/5        EV: 12    Int: 19    God:
Gold:   16         SH:  0    Dex: 11    Spells: 4/5 levels left

rFire   . . .        c - +0 short sword
rCold   . . .        (no shield)
rNeg    . . .        a - +0 robe
rPois   .            (no helmet)
rElec   .            (no cloak)
rCorr   .            (no gloves)
SInv    .            (no boots)
Will    .....        (no amulet)
Stlth   ++           (no ring)
HPRegen 0.23/turn    (no ring)
MPRegen 0.09/turn

%: no passive effects
@: lethally poisoned (-1 -> -5)
A: claws 1
a: no special abilities


You were on level 2 of the Dungeon.
You visited 1 branch of the dungeon, and saw 2 of its levels.

You collected 16 gold pieces.

Inventory:

Hand Weapons
 c - a +0 short sword (weapon)
Armour
 a - a +0 robe (worn)
Potions
 b - a potion of magic


   Skills:
 - Level 1.7 Dodging
 - Level 1.7 Stealth
 + Level 2.3 Spellcasting
 + Level 4.2 Conjurations


You had 4 spell levels left.
You knew the following spells:

 Your Spells              Type           Power      Damage    Failure   Level
a - Magic Dart            Conj           72%        1d6       3%          1

Your spell library contained the following spells:

 Spells                   Type           Power      Damage    Failure   Level
 Searing Ray              Conj           36%        2d5       4%          2
 Dazzling Flash           Conj/Hex       20%        N/A       21%         3
 Fulminant Prism          Conj/Hex       5%         3d6       56%         4
 Iskenderun's Mystic Bla  Conj/Tloc      10%        2d4       56%         4


Dungeon Overview and Level Annotations

Branches:
Dungeon (1/15)

Altars:


Innate Abilities, Weirdness & Mutations

You have sharp fingernails.


Message History

A kobold comes into view. It is wielding a +0 club.
The kobold shouts!
You hit the quokka.
You kill the quokka!
You have reached level 2!
Your demonic ancestry asserts itself...
Your fingernails lengthen.
You are too injured to fight recklessly!
You are too injured to fight recklessly!
You are too injured to fight recklessly!
A hobgoblin and an adder come into view.
The rat bites you.
You see here a quokka corpse.
The hobgoblin shouts!
The adder hisses angrily.
You hit the rat but do no damage.
A giant cockroach comes into view.
The rat bites you.
You hit the rat.
You kill the rat!
Found a stone staircase leading down.
The adder closely misses you. The kobold hits you but does no damage.
There is a stone staircase leading up here.
The adder barely misses you. The kobold closely misses you.
The adder closely misses you. The kobold hits you but does no damage.
The hobgoblin closely misses you. The giant cockroach barely misses you.
The adder bites you but does no damage. The kobold hits you with a +0 club.
The hobgoblin misses you. The giant cockroach misses you. The adder bites you.
The adder bites you but does no damage. The giant cockroach barely misses you.
The kobold completely misses you.
The hobgoblin hits you but does no damage.
The adder bites you.
You are poisoned.
The adder poisons you!
The giant cockroach bites you but does no damage.
The kobold closely misses you. The hobgoblin hits you.
* * * LOW HITPOINT WARNING * * *
* * * LOW HITPOINT WARNING * * *
You feel sick. The adder bites you.
You die...

#.........###
#........ ..#
#........ #.#
#........ #.##
>.......# #..#####
....$...# #......#
......gS###....(.#
......K@†........#
......B.##.......#
.#########.......#
#.......#
###...#### #...#.#
######.#.^.#
#.†....##.##
#)######...#


You could see an adder, a giant cockroach, a hobgoblin and a kobold.

Vanquished Creatures
  A goblin (D:2)
  A hobgoblin (D:2)
  A kobold (D:1)
  A quokka (D:2)
  3 ball pythons (D:1)
  A rat (D:2)
8 creatures vanquished.

Notes
Turn   | Place    | Note
-------+----------+-------------------------------------------
     0 | D:1      | Essalna the Demonspawn Conjurer began the quest for the
                  | Orb.
     0 | D:1      | Reached XP level 1. HP: 13/13 MP: 3/3
   187 | D:1      | You fall into a shaft and drop 1 floor!
   261 | D:2      | Gained mutation: You have sharp fingernails. [demonic
                  | ancestry]
   261 | D:2      | Reached XP level 2. HP: 14/19 MP: 0/5
   270 | D:2      | Slain by an adder

Illustrated notes

Levels and vault maps discovered:
D:1:      dpeg_arrival_water_altar, layout_basic, serial_shops, shop
D:2:      layout_rooms

Action                     || total
---------------------------++-------
  Melee: Unarmed           ||     6
         Short sword       ||     5
   Cast: Magic Dart        ||    14
 Armour: Robe              ||    20
  Dodge: Dodged            ||    13

Table legend: (Time is in decaauts)
 A = Elapsed time spent in this place.
 B = Non-inter-level travel time spent in this place.
 C = Inter-level travel time spent in this place.
 D = Time resting spent in this place.
 E = Time spent auto-exploring this place.
 F = Levels seen in this place.
 G = Mean time per level.
                   A        B        C        D        E       F      G
               +--------+--------+--------+--------+--------+-----+--------+
         Total |    269 |    269 |      0 |      0 |    202 |   2 |  134.5 |
       Dungeon |    269 |    269 |      0 |      0 |    202 |   2 |  134.5 |
               +--------+--------+--------+--------+--------+-----+--------+

Top non-repeatable levels by time:
     D:1: 186 daAuts
     D:2: 82 daAuts
